Unix NetHack Version 5.0.0-0 post-release - last build May 23 2026 06:08:33 (1c0ff79ee797540d5714e4e18072db0edd9e58ae,branch:main).

Game began 2026-05-29 13:17:45, ended 2026-05-29 13:31:22.

FutureTim, lawful female human Valkyrie

                 ---
                 |.--
                 ...               --   --
                 -..---          ...--- ...
                 .....-------  ..?......-
                 -..........|..........-
                --.....................|
                |...............h|
                --..).G.........--
                 |<..@f..-- ....-
                 |..).%..-      .-
                 --.......G.....
                  .....h...>.............
                 |.--............0  ....-
                 ..  .--............  ---
                 --  -- .............-
                         ....---..| ..|
                         -.---  ---  --
                          --
FutureTim the Skirmisher    St:16 Dx:16 Co:14 In:10 Wi:7 Ch:10  Lawful
Dlvl:5  $:25 HP:0(42) Pw:12(12) AC:5  Xp:5 T:1835 

Latest messages:
 The gnome wields 5 daggers!
 The gnome wields 2 daggers!
 You stop eating the gnome lord corpse.
 The gnome hits!
 You kill the gnome!
 The gnome thrusts one of her daggers.
 The gnome hits!
 The gnome thrusts one of his daggers.
 The gnome hits!
 You kill the gnome!
 You kill the gnome!
 Your housecat eats a gnome corpse.
 There is a partly eaten gnome lord corpse here; eat it? [ynq] (n) y
 You resume your meal.
 You finish eating the gnome lord corpse.
 Your housecat eats a gnome corpse.
 There is a gnome corpse here; eat it? [ynq] (n) y
 This gnome corpse is fatty.
 You stop eating the gnome corpse.
 There is a partly eaten gnome corpse here; eat it? [ynq] (n) y
 You resume your meal.
 The gnome lord throws a dart!
 You are almost hit by a dart.
 You stop eating the gnome corpse.
 The gnome wields an aklys!
 The gnome secures the tether on the aklys.
 You see here a lamp.
 y - a lamp.
 The gnome lord picks up 5 daggers.
 The housecat bites the gnome lord.
 The gnome lord picks up 11 orcish arrows.
 The gnome lord wields 5 daggers!
 The housecat misses the gnome lord.
 The housecat misses the gnome lord.
 The gnome lord thrusts one of his daggers.
 The gnome lord hits!
 You hit the gnome lord.
 The housecat bites the gnome lord.
 The gnome lord thrusts one of his daggers at the housecat.
 The gnome lord hits the housecat.
 The gnome lord thrusts one of his daggers.
 The gnome lord hits!
 You hit the gnome lord!
 The housecat bites the gnome.
 The gnome is killed!
 The gnome lord thrusts one of his daggers.
 The gnome lord hits!
 You die...
 Do you want your possessions identified? [ynq] (y) y
 Do you want to see your attributes? [ynq] (y) q

Inventory:
 Coins    ('$')
  $ - 25 gold pieces
 Weapons  (')')
  r - 7 +0 darts
  b - a +0 dagger (alternate weapon; not wielded)
  a - a +2 spear (weapon in right hand)
 Armor    ('[')
  k - a blessed +0 orcish helm (being worn)
  c - an uncursed +3 small shield (being worn)
  l - an uncursed +0 dwarvish cloak (being worn)
 Comestibles  ('%')
  d - an uncursed food ration
 Wands    ('/')
  i - a wand of teleportation (0:4)
 Tools    ('(')
  y - an uncursed magic lamp
  p - a +0 pick-axe
  t - an uncursed skeleton key
  u - an uncursed tallow candle
  j - a cursed tin whistle
  x - an uncursed wax candle

FutureTim the Valkyrie's attributes:

Background:
 You were a Skirmisher, a level 5 human Valkyrie.
 You were lawful, on a mission for Tyr
 who was opposed by Odin (neutral) and Loki (chaotic).
 You were right-handed.
 You were in the Gnomish Mines, on level 5.
 You entered the dungeon 1835 turns ago.
 You had 267 experience points, 53 more were needed to attain level 6.

Basics:
 You had 0 out of 42 hit points.
 You had all 12 energy points (spell power).
 Your armor class was 5.
 Your wallet contained 25 zorkmids.
 Autopickup was off.

Final Characteristics:
 Your strength was 16 (limit:18/100).
 Your dexterity was 16 (limit:18).
 Your constitution was 14 (limit:18).
 Your intelligence was 10 (limit:18).
 Your wisdom was 7 (limit:18).
 Your charisma was 10 (limit:18).

Final Status:
 You weren't hungry.
 You were unencumbered.
 You were wielding a spear.
 You had basic skill with spear.

Final Attributes:
 You were devoutly aligned.
 Your items were somewhat protected from fire.
 You were cold resistant.
 Your items were somewhat protected from cold.
 You were stealthy.
 You were warded.
 You are dead.

Miscellaneous:
 You didn't encounter any bones levels.
 Total elapsed playing time was 13 minutes and 36 seconds.

Major events:
 Turn
    1: FutureTim the lawful human Valkyrie entered the dungeon
  544: attained the rank of Skirmisher (level 3)
  710: entered the Gnomish Mines
 1835: killed by a gnome lord

Spells:
 Name                 Level Category     Fail Retention
 create monster         2   clerical     100%  76%-100%

Skills:
 Fighting Skills
   bare handed combat [Unskilled]
   two weapon combat  [Unskilled]
   riding             [Unskilled]
 Weapon Skills
   dagger             [Basic]
   axe                [Unskilled]
   pick-axe           [Unskilled]
   short sword        [Unskilled]
   broadsword         [Unskilled]
   long sword         [Unskilled]
   two-handed sword   [Unskilled]
   saber              [Unskilled]
   hammer             [Unskilled]
   quarterstaff       [Unskilled]
   polearms           [Unskilled]
   spear              [Basic]
   trident            [Unskilled]
   lance              [Unskilled]
   sling              [Unskilled]
 Spellcasting Skills
   attack spells      [Unskilled]
   escape spells      [Unskilled]

Voluntary challenges:
 Character rerolling was not enabled.
 You never genocided any monsters.
 You never polymorphed an object.
 You never changed form.
 You used no wishes.
Achievements:
 You attained the rank of Skirmisher.
 You entered the Gnomish Mines.

 The Dungeons of Doom: levels 1 to 3
    Level 1:
       Some fountains.
    Level 2:
       Stairs down to The Gnomish Mines.
    Level 3:
 The Gnomish Mines: levels 3 to 5
    Level 3:
    Level 4:
    Level 5: <- You were here.
       Final resting place for
          you, killed by a gnome lord.


Vanquished creatures:
 an imp
  a rock piercer
  5 gnome leaders
  a gnomish wizard
  a dwarf
  a kobold leader
 an iguana
  a gas spore
  3 hobbits
  a giant rat
  2 cave spiders
  a brown mold
 21 gnomes
  2 jackals
  a fox
  a kobold
  4 goblins
  a sewer rat
  2 grid bugs
  a lichen
  2 kobold zombies
  5 newts
59 creatures vanquished.

No species were genocided or became extinct.

Game over:
                       ----------
                      /          \
                     /    REST    \
                    /      IN      \
                   /     PEACE      \
                  /                  \
                  |    FutureTim     |
                  |      25 Au       |
                  |   killed by a    |
                  |    gnome lord    |
                  |                  |
                  |                  |
                  |       2026       |
                 *|     *  *  *      | *
        _________)/\\_//(\/(/\)/\//\/|_)_______

Farvel FutureTim the Valkyrie...

You died in The Gnomish Mines on dungeon level 5 with 1331 points,
and 25 pieces of gold, after 1835 moves.
You were level 5 with a maximum of 42 hit points when you died.

